| TOP OF THE 1ST |
|
Bristol Pirates batting - Pitching for San Diego (APP) Padres : RHP Liam Tate
|
|
Pitching: RHP Liam Tate
|
|
|
Batting: SHB Don Hauk
|
0-0: Called Strike 0-1: Ball 1-1: Foul Ball, location: 2F 1-2: Strikes out swinging
|
|
Batting: LHB Randy Boone
|
0-0: Called Strike 0-1: Ground out 4-3 (Groundball, 4, EV 89.4 MPH)
|
|
Batting: RHB Randy Bergman
|
0-0: Called Strike 0-1: Foul Ball, location: 2F 0-2: Strikes out swinging
|
| Top of the 1st over - 0 runs, 0 hits, 0 errors, 0 left on base; Bristol 0 - San Diego (APP) 0 |
| BOTTOM OF THE 1ST |
|
San Diego (APP) Padres batting - Pitching for Bristol Pirates : LHP Adam Clarke
|
|
Pitching: LHP Adam Clarke
|
|
|
Batting: RHB Elias Vences
|
0-0: Ball 1-0: Ball 2-0: Called Strike 2-1: Ball 3-1: Base on Balls
|
|
Batting: RHB Eric McMillian
|
0-0: Fly out, F8 (Flyball, 78M, EV 92.5 MPH)
|
|
Batting: RHB Bryan Pitcher
|
0-0: Ball 1-0: Ball Elias Vences steals 2nd base 2-0: Called Strike 2-1: Ball 3-1: Base on Balls
|
|
Batting: LHB Carlos Cuellar
|
0-0: Ball 1-0: Ball 2-0: Ball 3-0: Called Strike 3-1: Foul Ball, location: 2F 3-2: Foul Ball, location: 2F 3-2: Foul Ball, location: 2F 3-2: SINGLE (Groundball, 6MD, EV 95.0 MPH) Elias Vences to third Bryan Pitcher to second
|
|
Batting: RHB Aaron Joseph
|
0-0: Ball 1-0: Swinging Strike 1-1: Foul Ball, location: 2F 1-2: Ball 2-2: Ball 3-2: Base on Balls Elias Vences scores Bryan Pitcher to third Carlos Cuellar to second
|
|
Pitching: RHP Onne Stubbe
|
|
|
Batting: SHB Isaiah Scates
|
0-0: Ball 1-0: Foul Ball, location: 2F 1-1: Ball 2-1: Ball 3-1: Base on Balls Bryan Pitcher scores Carlos Cuellar to third Aaron Joseph to second
|
|
Batting: RHB Ruben Luis
|
0-0: Called Strike 0-1: Called Strike 0-2: Ball 1-2: Foul Ball, location: 2F 1-2: Foul Ball, location: 2F 1-2: DOUBLE (Line Drive, 89XD, EV 102.5 MPH) Carlos Cuellar scores Aaron Joseph scores Isaiah Scates to third
|
|
Batting: RHB Phil McFadden
|
0-0: DOUBLE (Flyball, 89D, EV 101.9 MPH) Isaiah Scates scores Ruben Luis scores
|
|
Batting: RHB Ed Oake
|
0-0: Called Strike 0-1: Ball 1-1: Foul Ball, location: 2F 1-2: Ball 2-2: Ball 3-2: Base on Balls
|
|
Batting: RHB Elias Vences
|
0-0: SINGLE (Line Drive, 89M, EV 93.8 MPH) Phil McFadden to third Ed Oake to second
|
|
Batting: RHB Eric McMillian
|
0-0: Called Strike 0-1: Ball 1-1: Ball 2-1: Called Strike 2-2: Foul Ball, location: 2F 2-2: Ball 3-2: SINGLE (Groundball, 4MD, EV 110.6 MPH) Phil McFadden scores Ed Oake to third Elias Vences to second Runner from 3rd tries for Home, SAFE, throw by CF to home
|
|
Batting: RHB Bryan Pitcher
|
0-0: Swinging Strike 0-1: DOUBLE (Line Drive, 7LS, EV 107.5 MPH) Elias Vences scores Eric McMillian to third
|
|
Batting: LHB Carlos Cuellar
|
0-0: Ball 1-0: Foul Ball, location: 2F 1-1: Ball 2-1: Ball Wild Pitch! Eric McMillian scores Bryan Pitcher to third 3-1: Base on Balls
|
|
Pitching: RHP Erik Mulligan
|
|
|
Batting: RHB Aaron Joseph
|
0-0: Swinging Strike 0-1: SINGLE (Line Drive, 9LS, EV 95.6 MPH) Bryan Pitcher scores Carlos Cuellar to second
|
|
Batting: SHB Isaiah Scates
|
0-0: Called Strike 0-1: Fielders Choice at 2nd, 3-6 (Groundball, 3, EV 91.9 MPH) Carlos Cuellar to third
|
|
Batting: RHB Ruben Luis
|
0-0: Called Strike 0-1: Ball Wild Pitch! Carlos Cuellar scores Isaiah Scates to second 1-1: Foul Ball, location: 2F 1-2: Foul Ball, location: 2F 1-2: Ball 2-2: Foul Ball, location: 2F 2-2: Fly out, F9 (Flyball, 89M, EV 86.2 MPH)
|
| Bottom of the 1st over - 12 runs, 7 hits, 0 errors, 1 left on base; Bristol 0 - San Diego (APP) 12 |
| TOP OF THE 2ND |
|
Bristol Pirates batting - Pitching for San Diego (APP) Padres : RHP Liam Tate
|
|
Batting: RHB Steve Terres
|
0-0: Ball 1-0: Called Strike 1-1: Foul Ball, location: 2F 1-2: Ball 2-2: Ball 3-2: Strikes out looking
|
|
Batting: RHB Pete Hutton
|
0-0: Called Strike 0-1: Ball 1-1: Called Strike 1-2: Strikes out swinging
|
|
Batting: RHB Frank Elizondo
|
0-0: Called Strike 0-1: Ground out 6-3 (Groundball, 6D, EV 102.5 MPH)
|
| Top of the 2nd over - 0 runs, 0 hits, 0 errors, 0 left on base; Bristol 0 - San Diego (APP) 12 |
| BOTTOM OF THE 2ND |
|
San Diego (APP) Padres batting - Pitching for Bristol Pirates : RHP Erik Mulligan
|
|
Batting: RHB Phil McFadden
|
0-0: Called Strike 0-1: Ball 1-1: Foul Ball, location: 2F 1-2: SINGLE (Groundball, 5S, EV 65.6 MPH) (infield hit)
|
|
Batting: RHB Ed Oake
|
0-0: Called Strike 0-1: Foul Ball, location: 2F 0-2: Strikes out looking
|
|
Pitching: LHP Alfredo Carranza
|
|
|
Batting: RHB Elias Vences
|
0-0: Ball 1-0: Ball 2-0: Ball 3-0: Called Strike 3-1: Base on Balls Phil McFadden to second
|
|
Batting: RHB Eric McMillian
|
0-0: Ball 1-0: Called Strike 1-1: Ball 2-1: Ball 3-1: Fly out, F7 (Flyball, 78S, EV 74.4 MPH)
|
|
Batting: RHB Bryan Pitcher
|
0-0: Reached on error, E4 (Groundball, 4, EV 85.6 MPH) Phil McFadden to third Elias Vences to second
|
|
Batting: LHB Carlos Cuellar
|
0-0: Swinging Strike 0-1: Called Strike 0-2: Ball 1-2: Strikes out swinging
|
| Bottom of the 2nd over - 0 runs, 1 hit, 1 error, 3 left on base; Bristol 0 - San Diego (APP) 12 |
| TOP OF THE 3RD |
|
Bristol Pirates batting - Pitching for San Diego (APP) Padres : RHP Liam Tate
|
|
Batting: RHB Alain Marquet
|
0-0: Ball 1-0: Ball 2-0: Ball 3-0: Called Strike 3-1: Swinging Strike 3-2: Strikes out looking
|
|
Batting: RHB Andrew DeRicco
|
0-0: Ball 1-0: Ball 2-0: Fly out, F7 (Flyball, 78M, EV 83.1 MPH)
|
|
Batting: RHB Rob Colley
|
0-0: Called Strike 0-1: Called Strike 0-2: Strikes out swinging
|
| Top of the 3rd over - 0 runs, 0 hits, 0 errors, 0 left on base; Bristol 0 - San Diego (APP) 12 |
| BOTTOM OF THE 3RD |
|
San Diego (APP) Padres batting - Pitching for Bristol Pirates : LHP Alfredo Carranza
|
|
Batting: RHB Aaron Joseph
|
0-0: Ball 1-0: Fly out, F9 (Line Drive, 9LM, EV 90.6 MPH)
|
|
Batting: SHB Isaiah Scates
|
0-0: Ball 1-0: Swinging Strike 1-1: Ball 2-1: Swinging Strike 2-2: Ball 3-2: Foul Ball, location: 2F 3-2: Base on Balls
|
|
Pitching: RHP Otok Barleyfoot
|
|
|
Batting: RHB Ruben Luis
|
0-0: Ball 1-0: Ball 2-0: Ball 3-0: Base on Balls Isaiah Scates to second
|
|
Batting: RHB Phil McFadden
|
0-0: Ball 1-0: SINGLE (Groundball, 4D, EV 102.5 MPH) Isaiah Scates to third Ruben Luis to second Runner from 3rd tries for Home, SAFE, throw by CF to home
|
|
Batting: RHB Ed Oake
|
0-0: Foul Ball, location: 2F 0-1: Foul Ball, location: 2F 0-2: Ball 1-2: Strikes out looking
|
|
Batting: RHB Elias Vences
|
0-0: Ball 1-0: Ball 2-0: Called Strike 2-1: Ball 3-1: Ground out 5-3 (Groundball, 5S, EV 72.5 MPH)
|
| Bottom of the 3rd over - 1 run, 1 hit, 0 errors, 2 left on base; Bristol 0 - San Diego (APP) 13 |
| TOP OF THE 4TH |
|
Bristol Pirates batting - Pitching for San Diego (APP) Padres : RHP Liam Tate
|
|
Batting: SHB Don Hauk
|
0-0: Called Strike 0-1: Ball 1-1: Called Strike 1-2: Foul Ball, location: 2F 1-2: SINGLE (Groundball, 4M, EV 85.0 MPH) (infield hit)
|
|
Batting: LHB Randy Boone
|
0-0: Ball 1-0: Ball 2-0: Fielders Choice at 2nd, 4-6 (Groundball, 4, EV 81.2 MPH)
|
|
Batting: RHB Randy Bergman
|
0-0: Called Strike 0-1: Called Strike 0-2: Foul Ball, location: 2F 0-2: Ball 1-2: Strikes out looking
|
|
Batting: RHB Steve Terres
|
0-0: Called Strike 0-1: Ball Wild Pitch! Randy Boone to second 1-1: Swinging Strike 1-2: Strikes out swinging
|
| Top of the 4th over - 0 runs, 1 hit, 0 errors, 1 left on base; Bristol 0 - San Diego (APP) 13 |
| BOTTOM OF THE 4TH |
|
San Diego (APP) Padres batting - Pitching for Bristol Pirates : RHP Otok Barleyfoot
|
|
Batting: RHB Eric McMillian
|
0-0: Ball 1-0: Called Strike 1-1: Ball 2-1: Called Strike 2-2: Strikes out swinging
|
|
Pitching: RHP Randy Nelligan
|
|
|
Batting: RHB Bryan Pitcher
|
0-0: Called Strike 0-1: Foul Ball, location: 2F 0-2: Hit by Pitch
|
|
Batting: LHB Carlos Cuellar
|
0-0: Ball 1-0: SINGLE (Groundball, 4D, EV 105.6 MPH) Bryan Pitcher to second
|
|
Batting: RHB Aaron Joseph
|
0-0: Ball 1-0: Ball 2-0: Ball 3-0: Called Strike 3-1: Called Strike 3-2: Fielders Choice at 2nd, 3-6 (Groundball, 23, EV 84.4 MPH) Bryan Pitcher to third
|
|
Batting: SHB Isaiah Scates
|
0-0: Ball 1-0: Ball 2-0: Ball 3-0: Base on Balls Aaron Joseph to second
|
|
Batting: RHB Ruben Luis
|
0-0: Swinging Strike 0-1: Called Strike 0-2: Ball 1-2: GRAND SLAM HOME RUN (Flyball, 9D, EV 101.9 MPH), Distance : 385 ft
|
|
Pitching: RHP Jerry Spitler
|
|
|
Batting: RHB Phil McFadden
|
0-0: Ball 1-0: Ball 2-0: Ball 3-0: Called Strike 3-1: Swinging Strike 3-2: SINGLE (Line Drive, 78S, EV 88.1 MPH)
|
|
Batting: RHB Ed Oake
|
0-0: Foul Ball, location: 2F 0-1: Ball 1-1: Fly out, F8 (Flyball, 8LS, EV 96.2 MPH)
|
| Bottom of the 4th over - 4 runs, 3 hits, 0 errors, 1 left on base; Bristol 0 - San Diego (APP) 17 |
| TOP OF THE 5TH |
|
Bristol Pirates batting - Pitching for San Diego (APP) Padres : RHP Liam Tate
|
|
Batting: RHB Pete Hutton
|
0-0: DOUBLE (Line Drive, 3D, EV 97.5 MPH)
|
|
Batting: RHB Frank Elizondo
|
0-0: Ball 1-0: Ground out 5-3 (Groundball, 56S, EV 92.5 MPH)
|
|
Batting: RHB Alain Marquet
|
0-0: Ball 1-0: Ground out 5-3 (Groundball, 56, EV 85.6 MPH)
|
|
Batting: RHB Andrew DeRicco
|
0-0: Ball 1-0: Ball 2-0: Called Strike 2-1: Ground out 6-3 (Groundball, 6S, EV 72.5 MPH)
|
| Top of the 5th over - 0 runs, 1 hit, 0 errors, 1 left on base; Bristol 0 - San Diego (APP) 17 |
| BOTTOM OF THE 5TH |
|
San Diego (APP) Padres batting - Pitching for Bristol Pirates : RHP Jerry Spitler
|
|
Batting: RHB Elias Vences
|
0-0: Called Strike 0-1: Called Strike 0-2: Strikes out swinging
|
|
Batting: RHB Eric McMillian
|
0-0: Ball 1-0: Swinging Strike 1-1: Ball 2-1: Ball 3-1: Base on Balls
|
|
Batting: RHB Bryan Pitcher
|
0-0: Foul Ball, location: 2F 0-1: Swinging Strike 0-2: Foul Ball, location: 2F 0-2: Ball Balk! Eric McMillian to second 1-2: Ball 2-2: Foul Ball, location: 2F 2-2: DOUBLE (Groundball, 3L, EV 106.2 MPH) Eric McMillian scores
|
|
Batting: LHB Carlos Cuellar
|
0-0: Ball 1-0: Ground out 6-3 (Groundball, 6, EV 86.9 MPH)
|
|
Batting: RHB Aaron Joseph
|
0-0: Called Strike 0-1: Ball 1-1: Fly out, F9 (Flyball, 9D, EV 86.9 MPH)
|
| Bottom of the 5th over - 1 run, 1 hit, 0 errors, 1 left on base; Bristol 0 - San Diego (APP) 18 |
| TOP OF THE 6TH |
|
Bristol Pirates batting - Pitching for San Diego (APP) Padres : RHP Liam Tate
|
|
Batting: RHB Rob Colley
|
0-0: Called Strike 0-1: Swinging Strike 0-2: Ball 1-2: Foul Ball, location: 2F 1-2: SINGLE (Line Drive, 78M, EV 110.0 MPH)
|
|
Batting: SHB Don Hauk
|
0-0: Foul Ball, location: 2F 0-1: Called Strike 0-2: Foul Ball, location: 2F 0-2: Ball 1-2: Ball 2-2: Strikes out swinging
|
|
Batting: LHB Randy Boone
|
0-0: Called Strike 0-1: Ball 1-1: Fly out, F7 (Flyball, 78M, EV 85.0 MPH)
|
|
Batting: RHB Randy Bergman
|
0-0: Called Strike 0-1: Ball 1-1: Foul Ball, location: 2F 1-2: Strikes out swinging
|
| Top of the 6th over - 0 runs, 1 hit, 0 errors, 1 left on base; Bristol 0 - San Diego (APP) 18 |
| BOTTOM OF THE 6TH |
|
San Diego (APP) Padres batting - Pitching for Bristol Pirates : RHP Jerry Spitler
|
|
Batting: SHB Isaiah Scates
|
0-0: Called Strike 0-1: Swinging Strike 0-2: Strikes out swinging
|
|
Batting: RHB Ruben Luis
|
0-0: Called Strike 0-1: Called Strike 0-2: Ground out 4-3 (Groundball, 4S, EV 83.8 MPH)
|
|
Batting: RHB Phil McFadden
|
0-0: Ball 1-0: SINGLE (Groundball, 6MD, EV 108.8 MPH)
|
|
Batting: RHB Ed Oake
|
0-0: Called Strike 0-1: Foul Ball, location: 2F 0-2: Ball 1-2: SINGLE (Groundball, 56D, EV 96.9 MPH) Phil McFadden to second
|
|
Batting: RHB Elias Vences
|
0-0: 3-RUN HOME RUN (Flyball, 7D, EV 101.9 MPH), Distance : 382 ft
|
|
Batting: RHB Eric McMillian
|
0-0: Ball 1-0: Ball 2-0: Called Strike 2-1: Swinging Strike 2-2: Ball 3-2: Foul Ball, location: 2F 3-2: Foul Ball, location: 2F 3-2: Ground out 6-3 (Groundball, 56, EV 105.6 MPH)
|
| Bottom of the 6th over - 3 runs, 3 hits, 0 errors, 0 left on base; Bristol 0 - San Diego (APP) 21 |
| TOP OF THE 7TH |
|
Bristol Pirates batting - Pitching for San Diego (APP) Padres : RHP Liam Tate
|
|
Batting: RHB Steve Terres
|
0-0: Called Strike 0-1: Called Strike 0-2: Foul Ball, location: 2F 0-2: Strikes out swinging
|
|
Batting: RHB Pete Hutton
|
0-0: Called Strike 0-1: Swinging Strike 0-2: Strikes out swinging
|
|
Batting: RHB Frank Elizondo
|
0-0: Ball 1-0: Called Strike 1-1: Ball 2-1: Swinging Strike 2-2: Strikes out swinging
|
| Top of the 7th over - 0 runs, 0 hits, 0 errors, 0 left on base; Bristol 0 - San Diego (APP) 21 |
| BOTTOM OF THE 7TH |
|
San Diego (APP) Padres batting - Pitching for Bristol Pirates : RHP Jerry Spitler
|
|
Batting: RHB Bryan Pitcher
|
0-0: Swinging Strike 0-1: Ball 1-1: Swinging Strike 1-2: Strikes out looking
|
|
Batting: LHB Carlos Cuellar
|
0-0: Called Strike 0-1: Ball 1-1: SINGLE (Line Drive, 78S, EV 105.6 MPH)
|
|
Batting: RHB Aaron Joseph
|
0-0: Fielders Choice at 2nd, 5-4 (Groundball, 5, EV 86.9 MPH)
|
|
Batting: SHB Isaiah Scates
|
0-0: Foul Ball, location: 2F 0-1: Ball Wild Pitch! Aaron Joseph to second 1-1: Foul Ball, location: 2F 1-2: Ball 2-2: Ball 3-2: 2-RUN HOME RUN (Flyball, 9D, EV 99.4 MPH), Distance : 368 ft
|
|
Batting: RHB Ruben Luis
|
0-0: Ball 1-0: Ball 2-0: Swinging Strike 2-1: Ball 3-1: Swinging Strike 3-2: Base on Balls
|
|
Batting: RHB Phil McFadden
|
0-0: Ball 1-0: Ball 2-0: Ball 3-0: Base on Balls Ruben Luis to second
|
|
Batting: RHB Ed Oake
|
0-0: Called Strike 0-1: Called Strike 0-2: Strikes out looking
|
| Bottom of the 7th over - 2 runs, 2 hits, 0 errors, 2 left on base; Bristol 0 - San Diego (APP) 23 |
| TOP OF THE 8TH |
|
Bristol Pirates batting - Pitching for San Diego (APP) Padres : RHP Liam Tate
|
|
Batting: RHB Alain Marquet
|
0-0: Ball 1-0: Foul Ball, location: 2F 1-1: Foul Ball, location: 2F 1-2: Strikes out swinging
|
|
Batting: RHB Andrew DeRicco
|
0-0: Ball 1-0: Swinging Strike 1-1: Ground out 6-3 (Groundball, 6, EV 94.4 MPH)
|
|
Batting: RHB Rob Colley
|
0-0: Called Strike 0-1: Ball 1-1: Called Strike 1-2: Strikes out swinging
|
| Top of the 8th over - 0 runs, 0 hits, 0 errors, 0 left on base; Bristol 0 - San Diego (APP) 23 |
| BOTTOM OF THE 8TH |
|
San Diego (APP) Padres batting - Pitching for Bristol Pirates : RHP Jerry Spitler
|
|
Batting: RHB Elias Vences
|
0-0: Ground out U3 (Groundball, 34, EV 101.2 MPH)
|
|
Batting: RHB Eric McMillian
|
0-0: Ball 1-0: Foul Ball, location: 2F 1-1: Called Strike 1-2: Ball 2-2: Strikes out looking
|
|
Batting: RHB Bryan Pitcher
|
0-0: SINGLE (Groundball, 4MD, EV 99.4 MPH)
|
|
Batting: LHB Carlos Cuellar
|
0-0: Swinging Strike 0-1: Fly out, F7 (Flyball, 7, EV 90.6 MPH)
|
| Bottom of the 8th over - 0 runs, 1 hit, 0 errors, 1 left on base; Bristol 0 - San Diego (APP) 23 |
| TOP OF THE 9TH |
|
Bristol Pirates batting - Pitching for San Diego (APP) Padres : RHP Liam Tate
|
|
Batting: SHB Don Hauk
|
0-0: Ball 1-0: Ball 2-0: Swinging Strike 2-1: Called Strike 2-2: Ball 3-2: Ground out 4-3 (Groundball, 34D, EV 80.6 MPH)
|
|
Pitching: RHP Roger Brennan
|
|
|
Batting: LHB Randy Boone
|
0-0: Ball 1-0: Ball 2-0: Foul Ball, location: 2F 2-1: Foul Ball, location: 2F 2-2: Foul Ball, location: 2F 2-2: Foul Ball, location: 2F 2-2: Foul Ball, location: 2F 2-2: Strikes out swinging
|
|
Batting: RHB Randy Bergman
|
0-0: Ball 1-0: Called Strike 1-1: Ball 2-1: Hit by Pitch
|
|
Batting: RHB Steve Terres
|
0-0: Called Strike 0-1: Called Strike 0-2: Fielders Choice at 2nd, 6-4 (Groundball, 6, EV 91.9 MPH)
|
| Top of the 9th over - 0 runs, 0 hits, 0 errors, 1 left on base; Bristol 0 - San Diego (APP) 23 |
|